 Dungeon Crawl Stone Soup version 0.28.0-43-g3370ac3207 (webtiles) character file.

Game seed: 1398042846698949265

1660 crimpus the Cleaver (level 9, -4/75 HPs)
             Began as a Hill Orc Fighter on Mar 27, 2022.
             Slain by a killer bee (8 damage)
             ... on level 6 of the Dungeon.
             The game lasted 00:05:37 (7092 turns).

crimpus the Cleaver (Hill Orc Fighter)              Turns: 7092, Time: 00:05:38

Health: -4/75      AC:  9    Str: 23    XL:     9   Next: 0%
Magic:  9/9        EV: 10    Int:  8    God:
Gold:   205        SH:  5    Dex: 10    Spells: 8/8 levels left

rFire   + . .      SeeInvis .   a - +1 war axe
rCold   . . .      Faith    .   c - +1 buckler
rNeg    . . .      Spirit   .   b - +0 scale mail
rPois   .          Reflect  .   o - +0 helmet
rElec   .          Harm     .   (no cloak)
rCorr   .          Rampage  .   (no gloves)
Will    .....                   (no boots)
Stlth   ..........              (no amulet)
HPRegen 0.22/turn               e - ring of protection from fire
MPRegen 0.11/turn               (no ring)

@: no status effects
A: no striking features
a: no special abilities


You were on level 6 of the Dungeon.
You visited 1 branch of the dungeon, and saw 6 of its levels.

You collected 205 gold pieces.

Inventory:

Hand Weapons
 a - a +1 war axe (weapon)
 m - a +0 whip
Armour
 b - a +0 scale mail (worn)
 c - a +1 buckler (worn)
 o - a +0 helmet (worn)
Jewellery
 e - a ring of protection from fire (left hand)
Wands
 f - a wand of polymorph (2)
Scrolls
 d - a scroll of identify
 n - a scroll of teleportation
Potions
 g - a potion of cancellation
 h - 4 potions of curing
 i - a potion of haste {unknown}
 j - a potion of heal wounds {unknown}
 k - 2 potions of magic {unknown}
 l - 2 potions of degeneration {unknown}


   Skills:
 + Level 6.0 Fighting
 + Level 9.2 Axes
 * Level 7.7 Armour
 + Level 2.1 Dodging
 - Level 1.1 Stealth
 + Level 4.6 Shields
 - Level 0.4 Unarmed Combat


You had 8 spell levels left.
You didn't know any spells.
Your spell library contained the following spells:

 Spells                   Type           Power      Damage    Failure   Level
 Sandblast                Erth           0%         2d4       77%         1
 Passwall                 Tmut/Erth      0%         N/A       88%         2
 Ozocubu's Armour         Ice            0%         N/A       98%         3
 Stone Arrow              Conj/Erth      0%         3d7       98%         3
 Summon Lightning Spire   Summ/Air       0%         N/A       100%        4
 Metabolic Englaciation   Hex/Ice        0%         N/A       100%        5
 Simulacrum               Ice/Necr       0%         N/A       100%        6
 Storm Form               Tmut/Air       0%         N/A       100%        7
 Maxwell's Capacitive Co  Air            0%         ∞         100%        8


Dungeon Overview and Level Annotations

Branches:
Dungeon (6/15)
 Temple: D:4-7

Altars:
Elyvilon
Hepliaklqana
Makhleb
Ru
Vehumet
Xom

Shops:
D:4 (   D:5 (


Message History

The killer bee is heavily wounded.
The killer bee stings you.
* * * LOW HITPOINT WARNING * * *
The killer bee closely misses you.
You hit the killer bee.
The killer bee is almost dead.
You block the killer bee's attack.
The killer bee stings you but does no damage.
You hit the killer bee.
You kill the killer bee!
The killer bee barely misses you.
You have reached level 9!
Your experience leads to an increase in your attributes!
Increase (S)trength, (I)ntelligence, or (D)exterity?
You feel stronger. x2
You hit the killer bee.
The killer bee is lightly wounded.
The killer bee barely misses you. The killer bee misses you.
You slash the killer bee!
The killer bee is severely wounded.
The killer bee misses you. You block the killer bee's attack.
You miss the killer bee.
The killer bee is severely wounded.
The killer bee stings you.
* * * LOW HITPOINT WARNING * * *
The killer bee barely misses you.
You barely miss the killer bee.
The killer bee is severely wounded.
The killer bee stings you but does no damage.
The killer bee stings you.
* * * LOW HITPOINT WARNING * * *
You hit the killer bee.
The killer bee is almost dead.
You block the killer bee's attack. The killer bee stings you.
* * * LOW HITPOINT WARNING * * *
You miss the killer bee.
The killer bee is almost dead.
You block the killer bee's attack. The killer bee barely misses you.
The killer bee stings you!
You die...

#.# #.# #.# #.#
#.# #.# #y# #y#
#@# #.#
#.#######
#.......#
#######.#
#.#######.####.#
...............#
#.######.#######
#.##...#.#


You could see 2 killer bees.

Vanquished Creatures
  Grinder (D:4)
  Sigmund (D:2)
  A water moccasin (D:5)
  A black bear (D:5)
  3 sky beasts
  A kobold brigand (D:5)
  A scorpion (D:4)
  2 killer bees (D:6)
  A bullfrog zombie (D:5)
  5 hounds
  A bullfrog skeleton (D:4)
  An orc priest (D:4)
  A jelly (D:5)
  Natasha (thrice) (D:4)
  2 orc wizards (D:4)
  A hound skeleton (D:4)
  A howler monkey zombie (D:5)
  5 adders
  3 gnolls (D:2)
  A white imp (D:5)
  An ufetubus (D:5)
  4 dart slugs
  14 orcs
  11 ball pythons
  2 endoplasms
  3 giant cockroaches
  6 goblins
  5 hobgoblins
  7 quokkas
  5 bats
  6 frilled lizards
  7 kobolds
  6 rats
113 creatures vanquished.

Notes
Turn   | Place    | Note
-------+----------+-------------------------------------------
     0 | D:1      | crimpus the Hill Orc Fighter began the quest for the Orb.
     0 | D:1      | Reached XP level 1. HP: 19/19 MP: 1/1
    19 | D:1      | Found a faded altar of an unknown god.
   190 | D:1      | Reached XP level 2. HP: 27/27 MP: 2/2
   490 | D:1      | Reached skill level 3 in Axes
   490 | D:1      | Reached XP level 3. HP: 33/33 MP: 3/3
  1178 | D:2      | Reached XP level 4. HP: 28/41 MP: 4/4
  1321 | D:2      | Noticed Sigmund
  1338 | D:2      | Killed Sigmund
  1339 | D:2      | Reached skill level 5 in Axes
  1339 | D:2      | Reached XP level 5. HP: 14/47 MP: 5/5
  1868 | D:2      | Reached XP level 6. HP: 53/53 MP: 6/6
  1878 | D:2      | Reached skill level 1 in Stealth
  2397 | D:3      | Found a hazy altar of Hepliaklqana.
  3093 | D:4      | Reached skill level 6 in Axes
  3344 | D:4      | Reached skill level 5 in Armour
  3399 | D:4      | Found a radiant altar of Vehumet.
  3443 | D:4      | Found Wexkus's Antique Weapon Shop.
  3466 | D:4      | Reached XP level 7. HP: 53/60 MP: 7/7
  3567 | D:4      | Noticed Natasha
  3573 | D:4      | Killed Natasha
  3574 | D:4      | Reached skill level 5 in Fighting
  3686 | D:4      | Noticed Natasha
  3736 | D:4      | Killed Natasha
  3737 | D:4      | Reached skill level 1 in Dodging
  4227 | D:4      | Noticed Grinder
  4242 | D:4      | Killed Grinder
  4243 | D:4      | Reached skill level 7 in Axes
  4409 | D:4      | Found a burning altar of Makhleb.
  4444 | D:4      | Found a sacrificial altar of Ru.
  4444 | D:4      | Found a white marble altar of Elyvilon.
  4560 | D:4      | Noticed Natasha
  4565 | D:4      | Killed Natasha
  4566 | D:4      | Reached XP level 8. HP: 66/69 MP: 8/8
  4766 | D:5      | Entered Level 5 of the Dungeon
  5103 | D:5      | Reached skill level 8 in Axes
  5428 | D:5      | Found Qoumabil's Antique Weapon Emporium.
  5936 | D:5      | Found a large runed translucent door.
  5938 | D:5      | Found a large runed translucent door.
  6246 | D:5      | Found a shimmering altar of Xom.
  6446 | D:6      | Reached skill level 9 in Axes
  7087 | D:6      | Reached XP level 9. HP: 17/75 MP: 9/9
  7091 | D:6      | HP: 3/75 [killer bee (6)]
  7092 | D:6      | Slain by a killer bee

Illustrated notes

Levels and vault maps discovered:
D:1:      shiori_arrival_elements, layout_loops_ring,
          hellmonk_ecumenical_altar_prayer_group,
          chequers_serial_rivers_small_3, minmay_hexomino_p4
D:2:      layout_rooms, uniq_sigmund
D:3:      layout_loops_ring, mainiacjoe_overflow_cross_hatched,
          nicolae_figureground_pulse
D:4:      layout_cave_pools, fiery_altar_vehumet, minitemple, serial_shops,
          nicolae_stop_n_shop_1, uniq_grinder, uniq_natasha
D:5:      due_chaos_kobolds, layout_basic, serial_shops, nicolae_square_shop
D:6:      minmay_thinvault, layout_basic

Skill      XL: |  1  2  3  4  5  6  7  8 |
---------------+-------------------------+-----
Fighting       | 4 5 6 |  6.0
Axes           | 3 5 6 7 9 |  9.2
Armour         | 4 5 7 |  7.7
Shields        | 4 |  4.6
Stealth        | 1 |  1.1
Dodging        | 1 2 |  2.1
Unarmed Combat | |  0.4

Action                   |  1- 3 |  4- 6 |  7- 9 || total
-------------------------+-------+-------+-------++-------
Melee: War axe           |    83 |   111 |   203 ||   397
       Unarmed           |       |       |    15 ||    15
  Use: Potion            |       |     2 |     2 ||     4
       Scroll            |       |     4 |     6 ||    10
Armor: Scale mail        |    26 |    71 |    82 ||   179
Dodge: Dodged            |    42 |    59 |   111 ||   212
Block: Buckler           |    17 |    22 |    50 ||    89
